 Dungeon Crawl Stone Soup version 0.28-a0-653-g7e9dba17c3 (webtiles) character file.

Game seed: 8243826695748446906

16 flotson the Sneak (level 2, -1/24 HPs)
             Began as a Demonspawn Delver on Oct 11, 2021.
             Slain by a hound skeleton (3 damage)
             ... on level 4 of the Dungeon.
             The game lasted 00:01:06 (246 turns).

flotson the Sneak (Demonspawn Delver)                Turns: 246, Time: 00:01:07

Health: -1/24      AC:  9    Str:  9    XL:     2   Next: 41%
Magic:  2/2        EV: 11    Int: 11    God:
Gold:   23         SH:  0    Dex: 14    Spells: 1/1 levels left

rFire   . . .      SeeInvis .   b - +0 trident
rCold   . . .      Faith    .   (no shield)
rNeg    . . .      Spirit   .   j - +6 leather armour of Imperfection {+Blink rElec Str-3 Slay-6}
rPois   .          Reflect  .   (no helmet)
rElec   +          Harm     .   (no cloak)
rCorr   .          Rampage  .   (no gloves)
Will    .....                   (no boots)
Stlth   ++........              (no amulet)
HPRegen 0.08/turn               (no ring)
MPRegen 0.16/turn               (no ring)

@: no status effects
A: magic regeneration
a: Evoke Blink


You were on level 4 of the Dungeon.
You visited 1 branch of the dungeon, and saw 2 of its levels.

You collected 23 gold pieces.

Inventory:

Hand Weapons
 a - a +0 hand axe
 b - a +0 trident (weapon)
Missiles
 i - 2 boomerangs (quivered)
Armour
 h - a +0 leather armour
 j - the +6 leather armour of Imperfection (worn) {+Blink rElec Str-3 Slay-6}
   (You found it on level 4 of the Dungeon)

   Str:       It affects your strength (-3).
   Slay:      It affects your accuracy & damage with ranged weapons and melee
   (-6).
   rElec:     It insulates you from electricity.
   +Blink:    It lets you blink.
Wands
 g - a wand of digging (3)
Scrolls
 c - a scroll of fog
 d - a scroll of magic mapping
 e - a scroll of fear
Potions
 f - a potion of haste


   Skills:
 + Level 3.2 Fighting
 + Level 2.0 Axes
 + Level 0.7 Armour
 + Level 2.1 Dodging
 - Level 4.5 Stealth


You had one spell level left.
You didn't know any spells.
Your spell library was empty.

Dungeon Overview and Level Annotations

Branches:
Dungeon (5/15)
 Temple: D:4-7

Altars:


Innate Abilities, Weirdness & Mutations

You regenerate magic rapidly.


Message History

The hound skeleton bites you. The hound skeleton closely misses you.
You hit the hound skeleton but do no damage.
The hound skeleton is lightly damaged.
The hound skeleton bites you.
You hit the hound skeleton.
The hound skeleton is moderately damaged.
The hound skeleton bites you but does no damage.
The hound skeleton closely misses you.
You hit the hound skeleton.
The hound skeleton is heavily damaged.
The hound skeleton completely misses you.
You hit the hound skeleton.
The hound skeleton is severely damaged.
The hound skeleton completely misses you.
The hound skeleton bites you but does no damage.
You hit the hound skeleton but do no damage.
The hound skeleton is severely damaged.
The hound skeleton bites you but does no damage.
The hound skeleton barely misses you.
You hit the hound skeleton.
The hound skeleton is almost destroyed.
The hound skeleton bites you but does no damage.
You closely miss the hound skeleton.
The hound skeleton is almost destroyed.
The hound skeleton bites you.
* * * LOW HITPOINT WARNING * * *
The hound skeleton bites you.
* * * LOW HITPOINT WARNING * * *
You hit the hound skeleton.
The hound skeleton is almost destroyed.
The hound skeleton bites you but does no damage.
You barely miss the hound skeleton.
The hound skeleton is almost destroyed.
The hound skeleton bites you.
* * * LOW HITPOINT WARNING * * *
The hound skeleton misses you.
You closely miss the hound skeleton.
The hound skeleton is almost destroyed.
The hound skeleton bites you.
You die...

#.# #.#.#########S......
#.# #...........).PP.....P
##.########.#####...♣♣♣...♣
#...............[...♣ ..P♣
###########(######..♣♣♣...♣
#.# #)PP..P..P #.#
#......... #.# #..P..P..P
#@# #..♣♣♣..P #Z######.(♣
... #.........♣ .
#........PPP.P..
#...............
##......##...... #......#
...... #......# #+####
#........


You could see a hound skeleton.

Vanquished Creatures
  An adder (D:4)
  An orc (D:4)
  A giant cockroach (D:4)
  A goblin (D:4)
  A hobgoblin (D:4)
  A kobold (D:4)
6 creatures vanquished.

Vanquished Creatures (others)
  11 plants (D:4)
11 creatures vanquished.

Grand Total: 17 creatures vanquished

Notes
Turn   | Place    | Note
-------+----------+-------------------------------------------
     0 | D:5      | flotson the Demonspawn Delver began the quest for the Orb.
     0 | D:5      | Reached XP level 1. HP: 18/18 MP: 1/1
   161 | D:4      | Gained mutation: You regenerate magic rapidly. [demonic
                  | ancestry]
   161 | D:4      | Reached XP level 2. HP: 19/24 MP: 2/2
   185 | D:4      | Identified the +6 leather armour of Imperfection {+Blink
                  | rElec Str-3 Slay-6}
   246 | D:4      | Slain by a hound skeleton

Illustrated notes

Levels and vault maps discovered:
D:4:      layout_basic, general_overflow_altar,
          nicolae_ru_great_annihilating_truth, serial_shops, nicolae_shop_stone,
          kennysheep_boxes, uniq_duvessa, uniq_ijyb
D:5:      minmay_chambers_of_fours, layout_basic

Skill      XL: |  1 |
---------------+----+-----
Axes           | 2 |  2.0
Dodging        | 2 |  2.1
Fighting       | |  3.2
Armour         | |  0.7
Stealth        | |  4.5

Action                   || total
-------------------------++-------
Melee: Hand axe          ||     9
       Trident           ||    37
Throw: Boomerang         ||     1
Armor: Leather armour    ||    22
Dodge: Dodged            ||    37

Table legend: (Time is in decaauts)
 A = Elapsed time spent in this place.
 B = Non-inter-level travel time spent in this place.
 C = Inter-level travel time spent in this place.
 D = Time resting spent in this place.
 E = Time spent auto-exploring this place.
 F = Levels seen in this place.
 G = Mean time per level.
                   A        B        C        D        E       F      G
               +--------+--------+--------+--------+--------+-----+--------+
         Total |    255 |    247 |      8 |      0 |    139 |   2 |  127.5 |
       Dungeon |    255 |    247 |      8 |      0 |    139 |   2 |  127.5 |
               +--------+--------+--------+--------+--------+-----+--------+

Top non-repeatable levels by time:
     D:4: 140 daAuts
     D:5: 115 daAuts
